 Dungeon Crawl Stone Soup version 0.27-a0-1081-ge8a0a9c698 (webtiles) character file.

Game seed: 8258494662037376013

404 harryhousin the Fighter (level 6, 0/91 HPs)
             Began as a Gnoll Wanderer on Apr 25, 2021.
             Was a Believer of Elyvilon.
             Slain by a goblin
             ... wielding a +0 club
              (3 damage)
             ... on level 4 of the Dungeon.
             The game lasted 00:13:12 (3494 turns).

harryhousin the Fighter (Gnoll Wanderer)            Turns: 3494, Time: 00:13:12

Health: 0/91       AC: 23    Str: 11    XL:     6   Next: 86%
Magic:  9/9        EV:  2    Int: 12    God:    Elyvilon [**....]
Gold:   103        SH:  0    Dex: 13    Spells: 9/9 levels left

rFire    . . .     SeeInvis .   i - +1 hand axe (venom)
rCold    . . .     Faith    .   (no shield)
rNeg     + + +     Spirit   .   (armour currently unavailable)
rPois    +         Reflect  .   (helmet currently unavailable)
rElec    .         Harm     .   (cloak currently unavailable)
rCorr    .         Rampage  .   (gloves currently unavailable)
Will     .....     NoTele   +   (boots currently unavailable)
Stlth    +++.......             (no amulet)
HPRegen  0.25/turn              (no ring)
MPRegen  0.11/turn              (no ring)

@: tree-form
A: stationary, stasis, torment immunity, boosted hp, (fangs 1), strong nose,
distributed training
a: Renounce Religion, Lesser Healing, Heal Other, Divine Protection


You were on level 4 of the Dungeon.
You worshipped Elyvilon.
Elyvilon was pleased with you.
You were a tree.
You visited 1 branch of the dungeon, and saw 4 of its levels.

You collected 103 gold pieces.

Inventory:

Hand Weapons
 a - a +2 short sword
 f - a +1 mace of protection
 g - a +0 dagger
 i - a +1 hand axe of venom (weapon)
Armour
 c - a +0 robe (melded)
Jewellery
 m - a ring of see invisible
Scrolls
 d - a scroll of acquirement {unknown}
 e - a scroll of enchant weapon {unknown}
 j - a scroll of fog {unknown}
 l - a scroll of brand weapon {unknown}
 n - a scroll of teleportation {unknown}
 o - a scroll of vulnerability {unknown}
Potions
 h - a potion of brilliance {unknown}
 k - a potion of berserk rage {unknown}
 p - a potion of invisibility {unknown}


   Skills:
 + Level 10.5 Fighting
 + Level 3.3 Short Blades
 + Level 2.1 Long Blades
 + Level 2.1 Axes
 + Level 2.1 Maces & Flails
 + Level 2.1 Polearms
 + Level 2.1 Staves
 + Level 2.1 Slings
 + Level 2.1 Bows
 + Level 2.1 Crossbows
 + Level 2.1 Throwing
 + Level 2.1 Armour
 + Level 3.3 Dodging
 + Level 4.7 Stealth
 + Level 3.3 Shields
 + Level 2.1 Unarmed Combat
 + Level 2.1 Spellcasting
 + Level 1.7 Conjurations
 + Level 1.7 Hexes
 + Level 1.7 Summonings
 + Level 1.7 Necromancy
 + Level 1.7 Translocations
 + Level 1.7 Transmutations
 + Level 1.7 Fire Magic
 + Level 1.7 Ice Magic
 + Level 1.7 Air Magic
 + Level 1.7 Earth Magic
 + Level 1.7 Poison Magic
 + Level 2.3 Invocations
 + Level 2.1 Evocations


You had 9 spell levels left.
You didn't know any spells.
Your spell library contained the following spells:

 Spells                   Type           Power      Damage    Failure   Level
 Corona                   Hex            5%         N/A       13%         1
 Freeze                   Ice            20%        1d4       13%         1
 Ensorcelled Hibernation  Hex/Ice        10%        N/A       21%         2
 Confusing Touch          Hex            5%         N/A       36%         3
 Dazzling Flash           Conj/Hex       10%        N/A       36%         3
 Frozen Ramparts          Ice            10%        1d3       36%         3
 Ozocubu's Armour         Ice            5%         N/A       36%         3
 Tukima's Dance           Hex            5%         N/A       36%         3
 Hailstorm                Conj/Ice       5%         3d4       78%         4
 Metabolic Englaciation   Hex/Ice        2%         N/A       98%         5


Dungeon Overview and Level Annotations

Branches:
Dungeon (4/15)
 Temple: D:4-7

Altars:
Elyvilon


Innate Abilities, Weirdness & Mutations

You are a tree.
Your roots penetrate the ground, keeping you stationary.
You cannot be teleported.
You are immune to unholy pain and torment.
Your maximum health is greatly increased.
Your equipment is partially melded.
((You have very sharp teeth.))
Your uncanny sense of smell can sniff out nearby items.
Your experience applies equally to all skills.


Message History

You hit the scorpion but do no damage.
The scorpion looks as sick as possible!
Your punch misses the scorpion.
The scorpion is heavily wounded.
* * * LOW HITPOINT WARNING * * *
You feel very sick.
You kill the scorpion!
* * * LOW HITPOINT WARNING * * *
You feel very sick.
Really quaff the potion of lignification?
You turn into a tree.
Your +0 robe melds into your body.
Your roots penetrate the ground.
* * * LOW HITPOINT WARNING * * *
You feel very sick.
A quokka is nearby!
You feel sick.
You closely miss the quokka.
* * * LOW HITPOINT WARNING * * *
You feel very sick.
The quokka bites you but does no damage.
You barely miss the quokka.
You feel sick.
The quokka bites you but does no damage.
A goblin comes into view. It is wielding a +0 club.
You closely miss the quokka.
You feel sick.
The goblin shouts!
The quokka bites you but does no damage.
The quokka barely misses you.
You completely miss the quokka.
You feel sick.
The quokka bites you but does no damage.
You miss the quokka.
You feel sick.
The quokka bites you but does no damage. x2
You hit the quokka.
The quokka is poisoned.
The quokka is heavily wounded.
You feel sick.
The quokka bites you but does no damage.
You hit the quokka.
You kill the quokka!
You hit the goblin.
The goblin is poisoned.
You feel sick.
You are no longer poisoned.
The goblin hits you with a +0 club.
You die...

.. ... ... ###... ...# ..
... ...... ...####.# ....
...... ........# ....
......# ##.....>.# #..#.
.......###.......# ...#.
#.....g†.......####.##..
###.....#♣...(............
#.....).#......##..)......
#..............##.^<......
...(......................
.........................#
...............###.......#
.......)).......###..#....
.......)†<.......#...###..
...###.................##.


You could see a goblin (very poisoned).

Vanquished Creatures
  A black bear (D:3)
  A centaur (D:4)
  A scorpion (D:4)
  A hound skeleton (D:4)
  4 gnolls
  5 adders
  An ufetubus (D:3)
  3 dart slugs
  4 orcs (D:4)
  3 ball pythons
  4 endoplasms
  A giant cockroach (D:3)
  6 goblins
  8 hobgoblins
  7 jackals
  3 kobolds (D:1)
  A quokka (D:4)
  3 bats (D:1)
  5 frilled lizards
  5 rats
67 creatures vanquished.

Notes
Turn   | Place    | Note
-------+----------+-------------------------------------------
     0 | D:1      | Reached skill level 10 in Fighting
     0 | D:1      | harryhousin the Gnoll Wanderer began the quest for the Orb.
     0 | D:1      | harryhousin set off with the following items: a +2 short
                  | sword, 2 potions of lignification, a +0 robe, a +0 dagger
     0 | D:1      | Reached XP level 1. HP: 28/28 MP: 1/1
   138 | D:1      | Reached XP level 2. HP: 24/36 MP: 2/2
   567 | D:1      | Reached XP level 3. HP: 42/42 MP: 3/3
   794 | D:1      | Found a faded altar of an unknown god.
   797 | D:1      | Became a worshipper of Elyvilon the Healer
   797 | D:1      | Reached * piety under Elyvilon
   999 | D:2      | Reached skill level 1 in Invocations
  1353 | D:2      | Reached skill level 1 in Long Blades
  1353 | D:2      | Reached skill level 1 in Axes
  1353 | D:2      | Reached skill level 1 in Maces & Flails
  1353 | D:2      | Reached skill level 1 in Polearms
  1353 | D:2      | Reached skill level 1 in Staves
  1353 | D:2      | Reached skill level 1 in Slings
  1353 | D:2      | Reached skill level 1 in Bows
  1353 | D:2      | Reached skill level 1 in Crossbows
  1353 | D:2      | Reached skill level 1 in Throwing
  1353 | D:2      | Reached skill level 1 in Armour
  1353 | D:2      | Reached skill level 1 in Unarmed Combat
  1353 | D:2      | Reached skill level 1 in Spellcasting
  1353 | D:2      | Reached skill level 1 in Evocations
  1451 | D:2      | Reached ** piety under Elyvilon
  1507 | D:2      | Reached XP level 4. HP: 35/48 MP: 5/5
  2191 | D:3      | Reached skill level 1 in Conjurations
  2191 | D:3      | Reached skill level 1 in Hexes
  2191 | D:3      | Reached skill level 1 in Summonings
  2191 | D:3      | Reached skill level 1 in Necromancy
  2191 | D:3      | Reached skill level 1 in Translocations
  2191 | D:3      | Reached skill level 1 in Transmutations
  2191 | D:3      | Reached skill level 1 in Fire Magic
  2191 | D:3      | Reached skill level 1 in Ice Magic
  2191 | D:3      | Reached skill level 1 in Air Magic
  2191 | D:3      | Reached skill level 1 in Earth Magic
  2191 | D:3      | Reached skill level 1 in Poison Magic
  2455 | D:3      | Noticed a black bear
  2475 | D:3      | Killed a black bear
  2476 | D:3      | Reached XP level 5. HP: 5/54 MP: 5/7
  2874 | D:4      | Noticed a centaur
  3132 | D:4      | Reached XP level 6. HP: 49/61 MP: 8/8
  3493 | D:4      | HP: 4/91 [poisoned by a scorpion]
  3494 | D:4      | Slain by a goblin

Illustrated notes

Levels and vault maps discovered:
D:1:      lightli_arrival_isolated_outpost, layout_basic,
          shapermc_ecumenical_altar_hornbeckon, minmay_crystal_water
D:2:      layout_basic
D:3:      layout_basic
D:4:      layout_cave_pools, nicolae_ashenzari_skybound,
          minmay_temple_entry_large_hall, uniq_grinder

Skill      XL: |  1  2  3  4  5  6 |
---------------+-------------------+-----
Fighting       | | 10.5
Invocations    | 1 2 |  2.3
Long Blades    | 1 2 |  2.1
Axes           | 1 2 |  2.1
Maces & Flails | 1 2 |  2.1
Polearms       | 1 2 |  2.1
Staves         | 1 2 |  2.1
Slings         | 1 2 |  2.1
Bows           | 1 2 |  2.1
Crossbows      | 1 2 |  2.1
Throwing       | 1 2 |  2.1
Armour         | 1 2 |  2.1
Unarmed Combat | 1 2 |  2.1
Spellcasting   | 1 2 |  2.1
Evocations     | 1 2 |  2.1
Conjurations   | 1 |  1.7
Hexes          | 1 |  1.7
Summonings     | 1 |  1.7
Necromancy     | 1 |  1.7
Translocations | 1 |  1.7
Transmutations | 1 |  1.7
Fire Magic     | 1 |  1.7
Ice Magic      | 1 |  1.7
Air Magic      | 1 |  1.7
Earth Magic    | 1 |  1.7
Poison Magic   | 1 |  1.7
Short Blades   | 3 |  3.3
Dodging        | 3 |  3.3
Shields        | 3 |  3.3
Stealth        | |  4.7

Action                   |  1- 3 |  4- 6 || total
-------------------------+-------+-------++-------
Melee: Mace              |    14 |       ||    14
       Short sword       |    10 |       ||    10
       Bite              |     5 |     3 ||     8
       Hand axe          |    44 |   104 ||   148
       Punch             |       |     2 ||     2
  Use: Potion            |       |     3 ||     3
 Stab: Sleeping          |     7 |     6 ||    13
       Distracted        |       |     1 ||     1
Armor: Robe              |    15 |    17 ||    32
       Skin              |       |    24 ||    24
Dodge: Dodged            |    37 |    84 ||   121

Table legend: (Time is in decaauts)
 A = Elapsed time spent in this place.
 B = Non-inter-level travel time spent in this place.
 C = Inter-level travel time spent in this place.
 D = Time resting spent in this place.
 E = Time spent auto-exploring this place.
 F = Levels seen in this place.
 G = Mean time per level.
                   A        B        C        D        E       F      G
               +--------+--------+--------+--------+--------+-----+--------+
         Total |   3551 |   3479 |     72 |   1119 |    897 |   4 |  887.8 |
       Dungeon |   3551 |   3479 |     72 |   1119 |    897 |   4 |  887.8 |
               +--------+--------+--------+--------+--------+-----+--------+

Top non-repeatable levels by time:
     D:3: 1203 daAuts
     D:2: 1142 daAuts
     D:1: 990 daAuts
     D:4: 215 daAuts
